 Dungeon Crawl Stone Soup version 0.30.1-3-gfc49f6343a (webtiles) character file.

Game seed: 6426126346764425112

20927 Peloso the Carver (level 12, -1/110 HPs)
             Began as a Minotaur Fighter on July 29, 2023.
             Was the Champion of Okawaru.
             Slain by a death yak (13 damage)
             ... on level 2 of the Lair of Beasts.
             The game lasted 00:26:06 (15102 turns).

Peloso the Carver (Minotaur Fighter)               Turns: 15102, Time: 00:26:07

Health: -1/110     AC:  0    Str: 24    XL:     12   Next: 49%
Magic:  20/20      EV: 16    Int:  5    God:    Okawaru [******]
Gold:   980        SH:  7    Dex: 19    Spells: 11/11 levels left

rFire   . . .        a - +5 falchion (holy)
rCold   . . .        d - +0 buckler
rNeg    . . .        (no body armour)
rPois   .            (helmet restricted)
rElec   .            (no cloak)
rCorr   .            (no gloves)
SInv    .            (no boots)
Will    .....        (no amulet)
Stlth   +++          S - ring of Laykoste {MP+9 Dex+7}
HPRegen 0.38/turn    Q - +4 ring of slaying
MPRegen 0.17/turn

%: no passive effects
@: no status effects
A: horns 2, retaliatory headbutt
a: Renounce Religion, Heroism, Finesse, Duel


You were on level 2 of the Lair of Beasts.
You worshipped Okawaru.
Okawaru was exalted by your worship.
You visited 3 branches of the dungeon, and saw 15 of its levels.

You collected 980 gold pieces.

Inventory:

Hand Weapons
 a - a +5 falchion of holy wrath (weapon)
 b - the +3 morningstar "Komediyd" {flame, *Slow Int+3}
   (You found it on level 12 of the Dungeon)

   Int:       It affects your intelligence (+3).
   *Slow:     It may slow you when you take damage.
Missiles
 K - a throwing net (quivered)
Armour
 c - a +0 chain mail
 d - a +0 buckler (worn)
 y - the +4 ring mail "Haerimax" {Str+4 Dex+3}
   (You found it on level 8 of the Dungeon)

   Str:       It affects your strength (+4).
   Dex:       It affects your dexterity (+3).
 E - a +0 plate armour
 W - the +3 plate armour "Lopteplu" {Harm rC++ Regen+ Int-2}
   (Okawaru gifted it to you on level 2 of the Lair of Beasts)

   Int:       It affects your intelligence (-2).
   rC:        It greatly protects you from cold.
   Regen:     It increases your rate of health regeneration.
   Harm:      It increases damage dealt and taken.
Jewellery
 e - a +6 ring of dexterity
 f - a ring of resist corrosion
 m - a ring of willpower
 p - a ring of ice
 w - an amulet of guardian spirit
 A - a +6 ring of intelligence
 O - a ring of ice
 Q - a +4 ring of slaying (right hand)
 S - the ring of Laykoste (left hand) {MP+9 Dex+7}
   (You found it on level 11 of the Dungeon)

   [ring of magical power]

   Dex:       It affects your dexterity (+7).
   MP:        It affects your magic capacity (+9).
Wands
 H - a wand of polymorph (1)
 L - a wand of iceblast (5)
 N - a wand of flame (4)
Scrolls
 g - 4 scrolls of teleportation
 h - 2 scrolls of silence
 i - 4 scrolls of immolation
 k - 6 scrolls of amnesia
 l - 3 scrolls of noise
 o - 3 scrolls of fear
 q - 3 scrolls of blinking
 s - 2 scrolls of enchant weapon
 t - 3 scrolls of poison
 u - 3 scrolls of enchant armour {unknown}
 x - 2 scrolls of magic mapping {unknown}
 F - a scroll of torment {unknown}
 J - a scroll of fog {unknown}
 M - a scroll of acquirement {unknown}
 T - 3 scrolls of identify
Potions
 j - 5 potions of might
 n - 2 potions of flight
 r - a potion of haste
 v - a potion of cancellation
 z - 4 potions of ambrosia
 B - 10 potions of curing
 C - 2 potions of brilliance
 D - a potion of attraction {unknown}
 G - a potion of lignification {unknown}
 I - 2 potions of heal wounds
 P - a potion of berserk rage {unknown}
 R - 2 potions of resistance
 U - a potion of magic {unknown}
 V - a potion of degeneration {unknown}


   Skills:
 + Level 11.1 Fighting
 + Level 14.7 Long Blades
 + Level 11.3 Armour
 + Level 7.1 Dodging
 + Level 4.0 Stealth
 + Level 10.7 Shields
 + Level 0.4 Invocations
 + Level 0.6 Evocations


You had 11 spell levels left.
You didn't know any spells.
Your spell library contained the following spells:

 Spells                   Type           Power      Damage    Failure   Level
 Beastly Appendage        Tmut           0%         N/A       52%         1
 Foxfire                  Conj/Fire      0%         2x1d4     52%         1
 Magic Dart               Conj           0%         1d3       52%         1
 Poisonous Vapours        Pois/Air       0%         N/A       65%         2
 Static Discharge         Conj/Air       0%         2-2/arc   65%         2
 Sublimation of Blood     Necr           0%         N/A       65%         2
 Wereblood                Tmut           0%         N/A       65%         2
 Dazzling Flash           Conj/Hex       0%         N/A       87%         3
 Mephitic Cloud           Conj/Pois/Air  0%         N/A       87%         3
 Ozocubu's Armour         Ice            0%         N/A       87%         3
 Portal Projectile        Hex/Tloc       0%         N/A       87%         3
 Spider Form              Tmut/Pois      0%         N/A       87%         3
 Volatile Blastmotes      Fire/Tloc      0%         2d10      87%         3
 Airstrike                Air            0%         2d(0-16)  99%         4
 Iskenderun's Mystic Bla  Conj/Tloc      0%         2d3       99%         4
 Leda's Liquefaction      Hex/Erth       0%         N/A       99%         4
 Fireball                 Conj/Fire      0%         3d3       100%        5
 Freezing Cloud           Conj/Ice/Air   0%         6-21      100%        5
 Metabolic Englaciation   Hex/Ice        0%         N/A       100%        5
 Plasma Beam              Fire/Air       0%         2x1d11    100%        6
 Starburst                Conj/Fire      0%         6d3       100%        6
 Call Imp                 Summ           Unusable   N/A       N/A         2
 Call Canine Familiar     Summ           Unusable   N/A       N/A         3
 Summon Lightning Spire   Summ/Air       Unusable   N/A       N/A         4
 Simulacrum               Ice/Necr       Unusable   N/A       N/A         6
 Summon Hydra             Summ           Unusable   N/A       N/A         7

Dungeon Overview and Level Annotations

Branches:
Dungeon (12/15)            Temple (1/1) D:5            Lair (2/5) D:11
    Orc (0/2) D:9
  Swamp: Lair:2-3    Shoals: Lair:2-3     Snake: Lair:2-3    Spider: Lair:2-3

Altars:
Ashenzari
Dithmenos
Elyvilon
Fedhas
Gozag
Hepliaklqana
Kikubaaqudgha
Okawaru
Ru
Trog
Uskayaw
Wu Jian
Xom
Zin
The Shining One

Shops:
D:2 =(::   D:3 :

Portals:
Abyss: Lair:1
Trove: D:10 (give 12 potions of heal wounds)

Annotations:
D:12 4 transporters
Lair:1 2 transporters, Sinop's ghost, journeyman TrFi


Innate Abilities, Weirdness & Mutations

You have a pair of horns on your head.
You reflexively headbutt those who attack you in melee.


Message History

You hit the death yak but do no damage. You slash the death yak!
The death yak is lightly wounded.
The death yak gores you!
You slash the death yak! You headbutt the death yak!
The death yak is heavily wounded.
You hit the death yak but do no damage. You headbutt the death yak.
The death yak is heavily wounded.
The death yak gores you.
* * * LOW HITPOINT WARNING * * *
You slice the death yak!! You headbutt the death yak!!
The death yak is almost dead.
The death yak gores you but does no damage.
You hit the death yak but do no damage.
The death yak is almost dead.
You hit the death yak but do no damage.
The death yak is almost dead.
You feel like a meek peon again. The death yak gores you!!
* * * LOW HITPOINT WARNING * * *
You barely miss the death yak. You headbutt the death yak.
The death yak is almost dead.
You slash the death yak!
You kill the death yak!
Okawaru is honoured by your kill.
Things that are here:
a death yak corpse; a death yak corpse You see here the +3 plate armour "Lopteplu" {Harm rC++ Regen+ Int-2}.
W - the +3 plate armour "Lopteplu" {Harm rC++ Regen+ Int-2} You start removing your armour.
You continue taking off the +4 ring mail "Haerimax" {Str+4 Dex+3}. x4
You finish taking off the +4 ring mail "Haerimax" {Str+4 Dex+3}.
You start putting on your armour.
You continue putting on the +3 plate armour "Lopteplu" {Harm rC++ Regen+ Int-2}.
The death yak gores you!
Keep equipping yourself? [Y]es or [N]o only, please.
Keep equipping yourself?
You stop putting on your armour.
You die...

#...........P♣♣~~~~.....
#.P.......#.#♣..~.~.~.~~
##............~.~~~.~...~
#.......>.....~~~..~.~~..
##.#........♣~~.~.~.~.~.~
#....#.#.#...~~.~..~~.~.
##.#...#.....~..~.~~..~.~
##..###.##..P♣..~.~.~.~.~.
#...# #.Y@........~~.~..~~
#....#
####.P#...~...~.~~~.
##..## #......~~.~.~.~..
..Y# ....###♣^...~~~~.
##.Y# ...# ♣#♣..~.~.♣.
#..# .... #.#........ ##..
................ .Y.
#...####.##.....
..#..#....###


You could see a death yak.

Vanquished Creatures
  Fannar (D:10)
  3 two-headed ogres
  3 death yaks (Lair:2)
  A manticore (D:12)
  2 black mambas
  A gargoyle (D:12)
  2 cane toads
  A kobold demonologist (D:12)
  A rime drake (Lair:2)
  3 komodo dragons
  5 trolls
  2 polar bears (Lair:1)
  3 blink frogs (Lair:1)
  24 yaks
  2 wraiths
  A basilisk (Lair:1)
  2 wyverns
  2 steam dragons
  A vampire mosquito (D:12)
  4 acid dragons
  6 water moccasins
  2 ice beasts (D:6)
  3 orc warriors
  3 sky beasts
  An ogre (D:7)
  13 wolves
  4 centaurs
  4 phantoms
  6 bullfrogs
  2 kobold brigands
  4 gnoll sergeants
  9 scorpions
  12 wights
  5 killer bees (D:8)
  3 howler monkeys
  2 electric eels (D:6)
  3 jellies
  Crazy Yiuf (D:7)
  3 orc priests
  3 hounds
  3 gnoll boudas
  2 iguanas (D:7)
  2 sleepcaps
  9 orc wizards
  8 adders
  37 gnolls
  A white imp (D:7)
  An ufetubus (D:6)
  3 worms
  2 dart slugs
  29 orcs
  11 ball pythons
  7 bats
  3 endoplasms
  4 giant cockroaches
  32 goblins (D:4)
  22 hobgoblins
  8 jackals
  4 quokkas
  2 frilled lizards (D:1)
  22 kobolds
  8 rats
373 creatures vanquished.

Vanquished Creatures (others)
  2 orc warriors (D:8)
  A bullfrog (D:8)
  An orc wizard (D:8)
  An orc (D:6)
5 creatures vanquished.

Grand Total: 378 creatures vanquished

Notes
Turn   | Place    | Note
-------+----------+-------------------------------------------
     0 | D:1      | Peloso the Minotaur Fighter began the quest for the Orb.
     0 | D:1      | Reached XP level 1. HP: 19/19 MP: 0/0
   153 | D:1      | Reached XP level 2. HP: 27/27 MP: 1/1
   629 | D:2      | Found Haerosoe's Weapon Boutique.
   794 | D:2      | Found Dekk's Jewellery Shoppe.
   797 | D:2      | Reached XP level 3. HP: 30/33 MP: 2/2
   851 | D:2      | Found Ipojelec's Book Shop.
   866 | D:2      | Found Kejupoaq's Book Shop.
  1210 | D:3      | Found Sucir's Book Shoppe.
  1248 | D:3      | Reached skill level 3 in Long Blades
  1356 | D:3      | Reached XP level 4. HP: 39/40 MP: 3/3
  1460 | D:3      | Noticed a phantom
  1484 | D:3      | Killed a phantom
  1485 | D:3      | Reached skill level 4 in Long Blades
  1485 | D:3      | Reached skill level 1 in Dodging
  1485 | D:3      | Reached XP level 5. HP: 36/47 MP: 4/4
  1975 | D:4      | Reached skill level 5 in Armour
  2166 | D:4      | Reached XP level 6. HP: 53/53 MP: 5/5
  2313 | D:4      | Reached skill level 5 in Long Blades
  2534 | D:4      | Reached skill level 5 in Fighting
  3081 | D:4      | Reached XP level 7. HP: 42/61 MP: 6/6
  3306 | D:5      | Entered Level 5 of the Dungeon
  3325 | D:5      | Reached skill level 6 in Long Blades
  3325 | D:5      | Reached skill level 5 in Shields
  3334 | D:5      | Found a hide-covered altar of Uskayaw.
  3334 | D:5      | Identified the +2 sling "Ogrebane" {freeze, rF++ Str+3
                  | Stlth+}
  3449 | D:5      | Found a glowing golden altar of the Shining One.
  3555 | D:5      | Reached skill level 7 in Long Blades
  3573 | D:5      | Found a blossoming altar of Fedhas.
  3733 | D:5      | Reached XP level 8. HP: 64/69 MP: 7/7
  3821 | D:5      | Found a staircase to the Ecumenical Temple.
  3829 | Temple   | Entered the Ecumenical Temple
  3844 | Temple   | Became a worshipper of Warmaster Okawaru
  4096 | D:5      | Reached skill level 8 in Long Blades
  5156 | D:7      | Reached * piety under Okawaru
  5157 | D:7      | Reached skill level 9 in Long Blades
  5236 | D:7      | Found a bloodstained altar of Trog.
  5259 | D:7      | Reached XP level 9. HP: 67/78 MP: 8/8
  5787 | D:7      | Found a runed translucent door.
  5788 | D:7      | Noticed Crazy Yiuf
  6140 | D:7      | Identified the staff of conjuration "Fiutzoo" {rC+ Will+
                  | Int+3}
  6240 | D:7      | Killed Crazy Yiuf
  6531 | D:8      | Identified the +4 ring mail "Haerimax" {Str+4 Dex+3}
  6561 | D:8      | Reached ** piety under Okawaru
  6562 | D:8      | Reached skill level 10 in Long Blades
  6597 | D:8      | Noticed a troll
  6613 | D:8      | Killed a troll
  7086 | D:8      | Found a shimmering altar of Xom.
  7390 | D:9      | Reached *** piety under Okawaru
  7391 | D:9      | Reached XP level 10. HP: 80/88 MP: 9/9
  7409 | D:9      | Reached skill level 11 in Long Blades
  7409 | D:9      | Reached skill level 1 in Stealth
  8003 | D:9      | Reached **** piety under Okawaru
  8422 | D:9      | Found a staircase to the Orcish Mines.
  8736 | D:10     | Entered Level 10 of the Dungeon
  8840 | D:10     | Found a portal to a secret trove of treasure.
  8845 | D:10     | Reached skill level 12 in Long Blades
  8845 | D:10     | Reached skill level 10 in Armour
  9055 | D:10     | Reached skill level 5 in Dodging
  9269 | D:10     | Reached ***** piety under Okawaru
  9595 | D:10     | Noticed Fannar
  9614 | D:10     | Killed Fannar
  9615 | D:10     | Reached XP level 11. HP: 60/97 MP: 8/10
 10259 | D:11     | Found a staircase to the Lair.
 10717 | D:11     | Noticed a two-headed ogre
 10725 | D:11     | Killed a two-headed ogre
 10726 | D:11     | Reached skill level 13 in Long Blades
 10861 | D:11     | Identified the ring of Laykoste {MP+9 Dex+7}
 12161 | D:12     | Found a transporter.
 12161 | D:12     | Found an ornate altar of the Wu Jian Council.
 12161 | D:12     | Noticed a vault warden
 12365 | D:12     | Received a gift from Okawaru
 12367 | D:12     | Noticed a sun demon
 12603 | D:12     | Identified the +3 morningstar "Komediyd" {flame, *Slow
                  | Int+3}
 12697 | D:12     | Found an ornate altar of the Wu Jian Council.
 12700 | D:12     | Found a transporter.
 12709 | D:12     | Found a transporter.
 12719 | D:12     | Found a transporter.
 12719 | D:12     | Noticed a vault guard
 12720 | D:12     | Noticed a vault guard
 12738 | D:12     | Noticed a two-headed ogre
 12747 | D:12     | Killed a two-headed ogre
 12907 | D:12     | Noticed a two-headed ogre
 12917 | D:12     | Killed a two-headed ogre
 12918 | D:12     | Reached skill level 10 in Fighting
 12990 | D:12     | Reached skill level 14 in Long Blades
 12996 | D:12     | Reached ****** piety under Okawaru
 13364 | Lair:1   | Entered Level 1 of the Lair of Beasts
 13365 | Lair:1   | Identified the +10 dagger "Giantbane" {freeze, Str+7}
 13598 | Lair:1   | Noticed a brown very ugly thing
 13599 | Lair:1   | Found a transporter.
 13599 | Lair:1   | Noticed a green ugly thing
 13600 | Lair:1   | Noticed Sinop's ghost (journeyman TrFi)
 13601 | Lair:1   | Noticed a sixfirhy
 13741 | Lair:1   | Found a transporter.
 13756 | Lair:1   | Found a one-way gate to the infinite horrors of the Abyss.
 13962 | Lair:1   | Reached XP level 12. HP: 53/106 MP: 11/11
 13963 | Lair:1   | Received a gift from Okawaru
 14140 | Lair:1   | Reached skill level 10 in Shields
 15042 | Lair:2   | Noticed a death yak
 15043 | Lair:2   | Noticed a death yak
 15043 | Lair:2   | Noticed a death yak
 15060 | Lair:2   | Noticed a death yak
 15068 | Lair:2   | Killed a death yak
 15068 | Lair:2   | Identified the +3 plate armour "Lopteplu" {Harm rC++ Regen+
                  | Int-2} (Okawaru gifted it to you on level 2 of the Lair of
                  | Beasts)
 15068 | Lair:2   | Received a gift from Okawaru
 15080 | Lair:2   | Killed a death yak
 15092 | Lair:2   | Killed a death yak
 15102 | Lair:2   | Slain by a death yak

Illustrated notes

Levels and vault maps discovered:
D:1:      nzn_arrival_crosshair, layout_rooms
D:2:      layout_basic, serial_shops, shop, nicolae_shop_real_fake_doors, shop,
          nicolae_shop_tiny_statue_garden
D:3:      layout_basic, serial_shops, shop
D:4:      minmay_goblin_kobold_castle, layout_loops_cross
D:5:      layout_basic, mainiacjoe_overflow_large_starburst, fedhas_altar_1,
          temple_green
D:6:      layout_rooms, chequers_big_river, grunt_ministairs_3
D:7:      layout_loops_ring, trog_butcher_becter, minivault_10,
          uniq_crazy_yiuf_cottage
D:8:      layout_loops_ring, xom_confusion_cloud, minmay_diced_spiral
D:9:      layout_big_octagon
D:10:     layout_stronghold, enter_trove_1, lemuel_flamethrower_hall,
          uniq_fannar
D:11:     layout_irregular_city, david_lair_shrubbed
D:12:     dreamdust_wu_jian_sword_trials, layout_basic, minmay_between
Temple:   nicolae_temple_bog_church
Lair:1:   layout_cave_pods, gammafunk_ghost_abyssal_escape,
          dreamdust_deal_with_the_devil
Lair:2:   layout_misc_corridors, nicolae_swamp_entry_splash_gauntlet,
          nicolae_quartered_pool_medium, nicolae_lair_lakeside_cave

Skill      XL: |  1  2  3  4  5  6  7  8  9 10 11 12 |
---------------+-------------------------------------+-----
Shields        | 4 5 6 7 8 9 10 | 10.7
Fighting       | 4 5 6 7 9 10 11 | 11.1
Armour         | 4 5 6 7 9 10 11 | 11.3
Long Blades    | 3 4 5 7 9 10 12 14 | 14.7
Dodging        | 1 2 3 5 6 7 |  7.1
Stealth        | 2 3 4 |  4.0
Invocations    | |  0.4
Evocations     | |  0.6

Action                     |  1- 3 |  4- 6 |  7- 9 | 10-12 || total
---------------------------+-------+-------+-------+-------++-------
  Melee: Long sword        |    94 |   185 |   363 |   368 ||  1010
         Headbutt          |    11 |    24 |    91 |   130 ||   256
         Falchion          |       |       |       |   118 ||   118
 Invoke: Heroism           |       |       |       |     5 ||     5
  Evoke: Wand              |       |       |       |     3 ||     3
    Use: Scroll            |     2 |     7 |     4 |     1 ||    14
         Potion            |     1 |     3 |     1 |     1 ||     6
   Stab: Confused          |       |       |     3 |       ||     3
         Sleeping          |       |       |       |     4 ||     4
 Armour: Scale mail        |    67 |    81 |       |       ||   148
         Chain mail        |       |    38 |    73 |       ||   111
         Plate armour      |       |       |    50 |       ||    50
         Ring mail         |       |       |    25 |   122 ||   147
  Dodge: Dodged            |    56 |   134 |   145 |   289 ||   624
  Block: Buckler           |    30 |    78 |   127 |   174 ||   409
